 Dungeon Crawl Stone Soup version 0.20.1-1-g8b1a95d (webtiles) character file.

19744 Ijustatesigmund the Blocker (level 12, -18/81 HPs)
             Began as an Octopode Assassin on Sept 23, 2017.
             Was a High Priest of Okawaru.
             Killed from afar by an efreet (19 damage)
             ... with a fireball
             ... on level 11 of the Dungeon.
             The game lasted 00:40:59 (16011 turns).

Ijustatesigmund the Blocker (Octopode Assassin)    Turns: 16011, Time: 00:41:00

Health: -18/81     AC:  4    Str: 15    XL:     12   Next: 72%
Magic:  0/17       EV: 14    Int: 14    God:    Okawaru [*****.]
Gold:   577        SH: 20    Dex: 17    Spells: 11/11 levels left

rFire    . . .     SeeInvis +   E - +3 mace (freeze)
rCold    . . .     Gourm    .   B - +2 large shield {AC+3}
rNeg     . . .     Faith    .   (helmet restricted)
rPois    .         Spirit   +   j - amulet of guardian spirit
rElec    .         Reflect  .   p - ring of see invisible
rCorr    .         Harm     .   w - +2 ring of evasion
MR       .....                  D - +4 ring of strength
Stlth    ++++++....             (no ring)
Regen    0.3/turn               (no ring)
MPRegen  0.2/turn               (no ring)
                                (no ring)
                                (no ring)

@: no status effects
A: almost no armour, stealthy swim, amphibious, 8 rings, constrict 8, camouflage
1, gelatinous body 1
a: Heroism, Finesse, Renounce Religion


You were on level 11 of the Dungeon.
You worshipped Okawaru.
Okawaru was extremely pleased with you.
You were not hungry.

You visited 2 branches of the dungeon, and saw 12 of its levels.

You collected 577 gold pieces.

Inventory:

Hand Weapons
 a - the +0 whip of Exoneration {protect, +Inv Int-2 Stlth+}
   (You found it on level 5 of the Dungeon)

   It protects the one who uses it against injury (+AC on strike).
   It affects your intelligence (-2).
   It lets you turn invisible.
   It makes you more stealthy.
 b - a +0 blowgun
 f - a +0 whip of flaming
 u - a +2 whip of venom
 E - a +3 mace of freezing (weapon)
Missiles
 c - 80 poisoned needles
 d - 2 curare-tipped needles
 K - 4 javelins
 Q - 7 tomahawks (quivered)
 U - 6 needles of sleeping
 W - 2 throwing nets
Armour
 r - a +1 buckler of protection
 B - a +2 large shield of protection (worn)
Jewellery
 j - an amulet of guardian spirit (around mantle)
 p - a ring of see invisible (left tentacle)
 w - a +2 ring of evasion (right tentacle)
 D - a +4 ring of strength (on tentacle)
 M - a +3 ring of slaying {unknown}
Wands
 e - a wand of acid (1/15)
 o - a wand of iceblast (3/15)
 t - a wand of acid (1/15)
 v - a wand of random effects (10/48)
 F - a wand of iceblast (6/15)
 H - a wand of lightning (10/15)
 L - a wand of confusion (19/48)
 O - a wand of scattershot (3/9)
 S - a wand of random effects (15/48)
 T - a wand of iceblast (7/15)
Scrolls
 h - a scroll of fog
 i - a scroll of immolation
 k - 3 scrolls of magic mapping
 n - 2 scrolls of amnesia
 q - 4 scrolls of remove curse
 x - a scroll of blinking
 A - a scroll of enchant weapon
 N - a scroll of fear
 P - a scroll of teleportation
Potions
 g - 3 potions of curing
 l - a potion of haste
 z - 3 potions of heal wounds
 C - a potion of flight
 I - a potion of might {unknown}
 J - a potion of brilliance {unknown}
 V - a potion of lignification {unknown}
Books
 m - a book of Clouds

   Spells                             Type                      Level
   a - Poisonous Vapours              Poison/Air                   2
   b - Mephitic Cloud                 Conjuration/Poison/Air       3
   c - Conjure Flame                  Conjuration/Fire             3
   d - Freezing Cloud                 Conjuration/Ice/Air          6
   e - Ring of Flames                 Charms/Fire                  7
 y - a book of Conjurations

   Spells                             Type                      Level
   a - Magic Dart                     Conjuration                  1
   b - Searing Ray                    Conjuration                  2
   c - Dazzling Spray                 Conjuration/Hexes            3
   d - Fulminant Prism                Conjuration/Hexes            4
   e - Force Lance                    Conjuration/Translocation    4
   f - Iskenderun's Mystic Blast      Conjuration                  4
 G - a book of Callings

   Spells                             Type                      Level
   a - Summon Small Mammal            Summoning                    1
   b - Call Imp                       Summoning                    2
   c - Call Canine Familiar           Summoning                    3
   d - Summon Guardian Golem          Hexes/Summoning              3
   e - Summon Lightning Spire         Summoning/Air                4
   f - Summon Ice Beast               Ice/Summoning                4
Comestibles
 s - 7 meat rations
 R - 5 bread rations


   Skills:
 + Level 7.2 Fighting
   Level 2.0 Short Blades
 + Level 7.4 Maces & Flails
 - Level 2.0 Throwing
 - Level 3.0 Dodging
 - Level 11.7 Stealth
 + Level 13.4 Shields
 + Level 7.0 Invocations
 - Level 5.7 Evocations


You had 11 spell levels left.
You didn't know any spells.

Dungeon Overview and Level Annotations

Branches:
Dungeon (11/15)            Temple (1/1) D:5            Lair (0/6) D:10
    Orc (0/2) D:10

Altars:
Ashenzari
Cheibriados
Dithmenos
Elyvilon
Fedhas
Gozag
Hepliaklqana
Kikubaaqudgha
Makhleb
Nemelex Xobeh
Okawaru
Qazlal
Ru
Sif Muna
Trog
Uskayaw
Vehumet
Xom
Yredelemnul
Zin
The Shining One

Shops:
D:5 %   D:11 [

Annotations:
D:3 noisi's ghost, amateur OgWz


Innate Abilities, Weirdness & Mutations

You cannot wear most types of armour.
You are very stealthy in the water. (Stealth+)
You are amphibious.
You can wear up to eight rings at the same time.
You can use your tentacles to constrict eight enemies at once.
Your skin changes colour to match your surroundings (Stealth+).
Your rubbery body absorbs attacks. (AC +1, EV +1)


Message History

Your shield prevents you from hitting the efreet.
You squeeze the efreet!
The efreet is almost dead.
You hit the efreet but do no damage.
The efreet is almost dead.
The efreet gestures at you.
The fireball explodes!
The fireball engulfs you!
The fireball engulfs the efreet.
The efreet completely resists.
You block the efreet's attack.
You hear a shout!
You barely miss the efreet.
The efreet is almost dead.
The efreet gestures at you. The bolt of fire hits you!
* * * LOW HITPOINT WARNING * * *
You hit the efreet but do no damage.
The efreet is almost dead.
The efreet gestures at you.
The fireball explodes!
The fireball engulfs you!
You die...

###
.....#######
#..R@...#
.....#####.#
### #.# #.#
#.# ##
####(#
.######
.(#.#
.....>#
#.#(#
......#
###.#.#


You could see an efreet.

Vanquished Creatures
  Snorg (D:11)
  Josephine (D:10)
  2 hydras
  Erica (D:9)
  2 two-headed ogres (D:11)
  Urug (D:10)
  Nergalle (D:11)
  An unseen horror (D:6)
  A cyclops (D:11)
  An ugly thing (D:11)
  A deep elf mage (D:11)
  3 centaur zombies
  3 centaur skeletons
  A kobold demonologist (D:10)
  A hornet (D:10)
  2 trolls (D:10)
  5 hippogriffs
  4 wraiths (D:10)
  8 yaks
  A soldier ant (D:10)
  2 hell hounds (D:10)
  4 water moccasins
  An ice beast (D:10)
  4 orc warriors
  4 sky beasts
  5 phantoms
  4 black bears
  4 centaurs
  4 ogres
  A necrophage (D:10)
  13 big kobolds
  10 bullfrogs
  2 gnoll sergeants
  A water moccasin zombie (D:7)
  2 wyvern skeletons
  13 killer bees
  3 scorpions
  10 wights
  6 howler monkeys
  3 crimson imps
  4 bullfrog zombies
  4 hounds
  2 bullfrog skeletons
  5 jellies
  3 orc priests
  3 orc wizards
  3 iguanas
  Jessica (D:2)
  9 worker ants
  2 hound skeletons
  A worker ant zombie (D:11)
  A howler monkey zombie (D:5)
  9 gnolls
  15 adders
  A shadow imp (D:5)
  3 oozes
  2 worms
  A dart slug (D:1)
  7 leopard geckos
  36 orcs
  6 giant cockroaches
  5 goblins
  5 hobgoblins
  14 jackals
  13 kobolds
  4 quokkas
  5 bats
  6 frilled lizards
  A leopard gecko skeleton (D:6)
  8 rats
316 creatures vanquished.

Notes
Turn   | Place    | Note
-------+----------+-------------------------------------------
     0 | D:1      | Ijustatesigmund the Octopode Assassin began the quest for the Orb.
     0 | D:1      | Reached XP level 1. HP: 14/14 MP: 1/1
    65 | D:1      | Reached XP level 2. HP: 12/20 MP: 2/2
   792 | D:1      | Reached XP level 3. HP: 25/25 MP: 3/3
  1346 | D:2      | Reached XP level 4. HP: 21/31 MP: 4/4
  1683 | D:2      | Found a white marble altar of Elyvilon.
  1683 | D:2      | Found an opulent altar of Gozag.
  1690 | D:2      | Found a basalt altar of Yredelemnul.
  1690 | D:2      | Found a hide-covered altar of Uskayaw.
  1847 | D:2      | Noticed Jessica
  1853 | D:2      | Killed Jessica
  1853 | D:2      | Reached skill level 1 in Maces & Flails
  1859 | D:2      | Found a glowing silver altar of Zin.
  1860 | D:2      | Found a deep blue altar of Sif Muna.
  1995 | D:2      | You fall through a shaft!
  2000 | D:3      | Reached XP level 5. HP: 35/36 MP: 5/5
  2276 | D:3      | Noticed noisi's ghost (amateur OgWz)
  3855 | D:5      | Entered Level 5 of the Dungeon
  3868 | D:5      | Found a staircase to the Ecumenical Temple.
  3886 | D:5      | Got a scorched whip
  3887 | D:5      | Identified the cursed +0 whip of Exoneration {protect, +Inv Int-2 Stlth+} (You found it on level 5 of the Dungeon)
  3906 | Temple   | Entered the Ecumenical Temple
  4151 | Temple   | Became a worshipper of Warmaster Okawaru
  4245 | D:5      | Reached XP level 6. HP: 38/42 MP: 4/6
  4282 | D:5      | Found a hazy altar of Hepliaklqana.
  4283 | D:5      | Found a shimmering altar of Xom.
  4283 | D:5      | Noticed a tentacled monstrosity
  4284 | D:5      | Noticed a spectral ugly thing
  4284 | D:5      | Noticed a tentacled monstrosity
  4349 | D:5      | Reached skill level 1 in Invocations
  4360 | D:5      | Noticed a sky beast
  4376 | D:5      | Killed a sky beast
  4403 | D:5      | Reached * piety under Okawaru
  4403 | D:5      | Reached XP level 7. HP: 14/48 MP: 6/8
  4966 | D:5      | Found Cuitzedy's Food Boutique.
  4991 | D:5      | Reached skill level 1 in Shields
  4996 | D:5      | Reached skill level 2 in Shields
  5305 | D:6      | Reached skill level 3 in Shields
  5401 | D:6      | Reached XP level 8. HP: 54/54 MP: 10/10
  5468 | D:6      | Reached ** piety under Okawaru
  5861 | D:6      | Found a shadowy altar of Dithmenos.
  5890 | D:6      | Reached skill level 4 in Shields
  5990 | D:6      | Noticed an unseen horror
  6012 | D:6      | Killed an unseen horror
  6012 | D:6      | Reached *** piety under Okawaru
  6012 | D:6      | Reached skill level 5 in Shields
  6030 | D:6      | Reached XP level 9. HP: 28/59 MP: 7/11
  6205 | D:6      | Reached skill level 6 in Shields
  6762 | D:7      | Reached skill level 10 in Stealth
  7381 | D:7      | Reached skill level 7 in Shields
  7414 | D:8      | Found an ancient bone altar of Kikubaaqudgha.
  7419 | D:8      | Reached **** piety under Okawaru
  8235 | D:8      | Reached skill level 5 in Maces & Flails
  8332 | D:8      | Reached XP level 10. HP: 61/65 MP: 12/12
  8454 | D:8      | Found a radiant altar of Vehumet.
  8528 | D:8      | Reached skill level 5 in Fighting
  8882 | D:9      | Noticed Erica
  8924 | D:9      | Killed Erica
  9654 | D:9      | Found a glowing golden altar of the Shining One.
  9994 | D:10     | Entered Level 10 of the Dungeon
 10055 | D:10     | Reached ***** piety under Okawaru
 10417 | D:10     | Reached skill level 1 in Evocations
 10428 | D:10     | Found a staircase to the Lair.
 10747 | D:10     | Reached skill level 5 in Invocations
 10756 | D:10     | Noticed a kobold demonologist
 10756 | D:10     | Noticed a five-headed hydra
 10762 | D:10     | Noticed a soul eater
 11005 | D:10     | HP: 3/69 [poisoned by a water moccasin]
 11011 | D:10     | HP: 2/69 [poisoned by a water moccasin]
 11345 | D:10     | Reached XP level 11. HP: 74/74 MP: 13/15
 11358 | D:10     | Noticed Snorg
 11585 | D:11     | Killed Snorg
 11585 | D:11     | Reached skill level 5 in Evocations
 12099 | D:10     | Killed a five-headed hydra
 12099 | D:10     | Received a gift from Okawaru
 12155 | D:9      | Reached skill level 8 in Shields
 12743 | D:10     | Reached skill level 9 in Shields
 12753 | D:10     | Noticed a sun demon
 13022 | D:10     | Noticed Urug
 13051 | D:10     | Killed Urug
 13345 | D:10     | Found a staircase to the Orcish Mines.
 13356 | D:10     | Reached skill level 10 in Shields
 13390 | D:10     | Noticed Josephine
 13414 | D:10     | Killed Josephine
 13796 | D:10     | Reached skill level 11 in Shields
 13842 | D:10     | Reached XP level 12. HP: 33/81 MP: 7/17
 14772 | D:11     | Reached skill level 12 in Shields
 15307 | D:11     | Noticed an eight-headed hydra
 15323 | D:11     | Killed an eight-headed hydra
 15599 | D:11     | Found Ulier's Armour Shop.
 15621 | D:11     | Noticed Nergalle
 15635 | D:11     | Noticed a two-headed ogre
 15635 | D:11     | Killed Nergalle
 15635 | D:11     | Reached skill level 13 in Shields
 15664 | D:11     | Killed a two-headed ogre
 15835 | D:11     | Received a gift from Okawaru
 15978 | D:11     | Noticed a two-headed ogre
 15988 | D:11     | Killed a two-headed ogre
 16010 | D:11     | HP: 1/81 [efreet/bolt of fire (30)]
 16011 | D:11     | Killed from afar by an efreet

Skill      XL: |  1  2  3  4  5  6  7  8  9 10 11 12 |
---------------+-------------------------------------+-----
Dodging        | 2 3 |  3.0
Fighting       | 3 4 6 7 |  7.2
Maces & Flails | 2 3 4 5 7 |  7.4
Invocations    | 2 3 5 6 7 |  7.0
Shields        | 3 5 7 11 13 | 13.4
Stealth        | 9 11 | 11.7
Evocations     | 4 5 |  5.7
Short Blades   | |  2.0
Throwing       | |  2.0

Action                   |  1- 3 |  4- 6 |  7- 9 | 10-12 || total
-------------------------+-------+-------+-------+-------++-------
Melee: Dagger            |    62 |     6 |       |       ||    68
       Constrict         |    15 |    32 |    62 |    82 ||   191
       Tentacles         |     9 |    20 |    92 |   221 ||   342
       Whip              |       |   128 |   398 |   485 ||  1011
       Mace              |       |     3 |       |   323 ||   326
       Punch             |       |       |     1 |    16 ||    17
Throw: Tomahawk          |       |     3 |     8 |    33 ||    44
       Javelin           |       |       |       |     2 ||     2
Invok: Heroism           |       |       |     2 |    22 ||    24
       Finesse           |       |       |       |     1 ||     1
 Abil: Evoke Invisibilit |       |       |       |     2 ||     2
Evoke: Wand              |       |       |     5 |     8 ||    13
  Use: Scroll            |     3 |    13 |     5 |     9 ||    30
       Potion            |       |     2 |     2 |     1 ||     5
 Stab: Sleeping          |    11 |    13 |    16 |     9 ||    49
       Distracted        |     1 |     1 |       |     3 ||     5
       Confused          |       |       |       |     3 ||     3
       Invisible         |       |       |       |     4 ||     4
  Eat: Chunk             |     1 |     4 |     9 |    10 ||    24
       Fruit             |       |     4 |     5 |       ||     9
       Royal jelly       |       |     1 |       |     1 ||     2
       Bread ration      |       |       |       |     2 ||     2
       Meat ration       |       |       |       |     1 ||     1
Armor: Skin              |     5 |    15 |    79 |   114 ||   213
Dodge: Dodged            |    36 |    73 |   219 |   405 ||   733
Block: Buckler           |       |       |    76 |    94 ||   170
       Large shield      |       |       |       |   517 ||   517
